Map: Kairos Junction LE

Players

Rail

  • Race: Protoss Protoss
  • League: Grandmaster
  • Spawn Location: 11:00

Serral - Winner!

  • Race: Zerg Zerg
  • League: Master
  • Spawn Location: 5:00

Event: 2019 WCS Winter Europe

VOD

Have the link to the VOD?

Description

Time

  • Played on: Feb. 17, 2019, 9:31 a.m.
  • Length: 5:59

All games in this series

Show
View Real Time Build Order
Export as new Build Order

Rail Protoss 

Build Orders: 1 Gate Expand, Oracle Opening, Phoenix Opening 

Get SALT Encoding   

  12  0:00  Probe  
  13  0:12  Probe  
  14  0:18  Pylon  
  14  0:24  Probe  
  15  0:32  Probe  
  15  0:39  Gateway  
  15  0:40  Probe  
  16  0:47  Assimilator  
  17  0:51  Probe  
  18  1:03  Probe  
  19  1:15  Probe  
  20  1:25  Nexus  
  20  1:37  Cybernetics Core  
  20  1:38  Probe  
  21  1:43  Assimilator  
  21  1:50  Probe  
  21  1:53  Pylon  
  22  2:02  Probe  
  22  2:04  Adept  
  23  2:14  Probe  
  26  2:21  Stargate  
  26  2:24  Adept  
  26  2:27  Probe  
  27  2:30  Warp Gate  
  29  2:37  Probe  
  29  2:39  Probe  
  31  2:49  Probe  
  32  2:51  Probe  
  32  2:53  Adept  
  32  2:57  Phoenix  
  35  3:01  Probe  
  38  3:12  Gateway  
  38  3:13  Oracle  
  38  3:14  Probe  
  38  3:15  Pylon  
  38  3:19  Probe  
  43  3:29  Probe  
  43  3:31  Probe  
  45  3:41  Probe  
  46  3:43  Robotics Facility  
  46  3:47  Probe  
  47  3:50  Gateway  
  47  3:51  Gateway  
  47  3:53  Probe  
  48  3:58  Gateway  
  48  4:00  Probe  
  49  4:04  Gateway  
  49  4:10  Gateway  
  49  4:19  Probe  
  49  4:21  Warp Prism  
  49  4:23  Pylon  
  50  4:34  Probe  
  50  4:38  Pylon  
  53  4:42  Sentry x2  
  57  4:46  Pylon  
  57  4:47  Sentry  
  57  4:48  Pylon  
  59  4:54  Nexus  
  59  4:57  Observer  
  60  5:04  Pylon  
  60  5:06  Pylon  
  60  5:18  Stalker, Zealot x4  
  60  5:20  Stalker, Zealot  
  74  5:39  Zealot x4  
Show
View Real Time Build Order
Export as new Build Order

Serral Zerg - Winner!

Build Orders: Hatch First 

Get SALT Encoding   

  12  0:00  Drone  
  13  0:12  Overlord  
  13  0:17  Drone  
  14  0:31  Drone x2  
  16  0:48  Hatchery  
  15  0:51  Drone  
  15  0:54  Drone  
  17  0:57  Drone  
  18  1:08  Extractor  
  17  1:13  Spawning Pool  
  17  1:17  Drone  
  17  1:19  Drone  
  18  1:27  Drone  
  19  1:38  Drone  
  20  1:49  Overlord  
  20  1:59  Queen x2  
  20  2:00  Zergling x4  
  26  2:10  Metabolic Boost  
  26  2:12  Drone  
  26  2:13  Drone  
  28  2:21  Drone x2  
  30  2:36  Hatchery  
  29  2:41  Overlord  
  29  2:46  Queen  
  30  2:51  Drone  
  30  2:52  Zergling x2  
  30  2:57  Drone  
  33  2:59  Drone x2  
  33  3:04  Drone x2  
  37  3:09  Overlord  
  37  3:13  Drone x2  
  37  3:16  Zergling x2  
  37  3:18  Drone  
  41  3:23  Overlord, Drone  
  41  3:25  Drone  
  43  3:30  Overlord  
  43  3:31  Drone  
  44  3:43  Queen  
  44  3:47  Queen  
  48  3:48  Spore Crawler  
  48  3:49  Spore Crawler, Drone  
  48  3:51  Drone  
  48  3:54  Drone  
  48  3:55  Drone  
  50  3:58  Drone x2  
  50  4:00  Drone  
  53  4:06  Roach Warren  
  53  4:08  Drone x2  
  54  4:12  Drone x2  
  54  4:15  Spore Crawler  
  54  4:17  Drone  
  55  4:22  Zergling x2  
  55  4:23  Zergling x6  
  60  4:28  Overlord, Extractor  
  60  4:30  Overlord, Extractor  
  58  4:35  Drone x2  
  58  4:36  Zergling x4  
  61  4:38  Zergling x2  
  61  4:42  Overlord  
  61  4:43  Overlord  
  62  4:50  Drone  
  63  4:54  Roach  
  63  4:55  Roach x3  
  63  4:56  Roach  
  73  5:03  Roach x2  
  78  5:07  Roach x2  
  78  5:13  Roach x2  
  84  5:18  Roach x2  
  88  5:26  Roach x4  
  96  5:29  Ravager x2  
  96  5:33  Overlord  
  96  5:34  Overlord  
  98  5:42  Zergling x2  
Tags
 
Add a new tag
Caveats
  • Supply blocks, unpowered buildings, or Contaminate may cause inaccurate times.
  • Supply counts are checked every 10 seconds.